 Dungeon Crawl Stone Soup version 0.21-a0-404-g291f19a (webtiles) character file.

328 TheDeThijs the Cudgeler (level 6, -7/56 HPs)
             Began as a Minotaur Berserker on Oct 24, 2017.
             Was a Believer of Trog.
             Mangled by CasualChangeling's ghost (18 damage)
             ... on level 3 of the Dungeon on Oct 27, 2017.
             The game lasted 00:40:50 (2588 turns).

TheDeThijs the Cudgeler (Minotaur Berserker)        Turns: 2588, Time: 00:40:50

Health: -7/56      AC:  6    Str: 23    XL:     6   Next: 25%
Magic:  5/5        EV: 11    Int:  4    God:    Trog [**....]
Gold:   230        SH:  0    Dex: 10    Spells: 5/5 levels left

rFire    . . .     SeeInvis .   u - +0 flail
rCold    . . .     Gourm    .   (no shield)
rNeg     . . .     Faith    .   w - +0 scale mail
rPois    .         Spirit   .   (helmet restricted)
rElec    .         Reflect  .   (no cloak)
rCorr    .         Harm     .   (no gloves)
MR       .....                  (no boots)
Stlth    ..........             (no amulet)
HPRegen  0.18/turn              (no ring)
MPRegen  0.09/turn              (no ring)

@: berserk cooldown, slowed, very slow
A: retaliatory headbutt, horns 2
a: Berserk, Trog's Hand, Burn Spellbooks, Renounce Religion


You were on level 3 of the Dungeon.
You worshipped Trog.
Trog was pleased with you.
You were very hungry.

You visited 1 branch of the dungeon, and saw 4 of its levels.

You collected 230 gold pieces.

Inventory:

Hand Weapons
 a - a +0 flail
 u - a +0 flail (weapon)
 x - a +1 hunting sling of freezing
Missiles
 r - 73 stones (quivered)
 t - 17 sling bullets
Armour
 w - a +0 scale mail (worn)
Wands
 b - a wand of lightning (1/15)
 n - a wand of flame (9/48)
Scrolls
 m - a scroll of amnesia {unknown}
 q - a scroll of recharging {unknown}
 s - a scroll of identify {unknown}
Potions
 e - a potion of heal wounds {unknown}
 g - a potion of mutation {unknown}
 j - 2 potions of curing {unknown}
 k - a potion of haste {unknown}
Comestibles
 c - 3 bread rations
 d - 3 fruits
 f - a royal jelly
 h - a meat ration


   Skills:
 + Level 5.2 Fighting
 * Level 6.9 Maces & Flails
 + Level 2.9 Armour
 + Level 3.0 Dodging
 + Level 0.3 Stealth


You had 5 spell levels left.
You didn't know any spells.

Dungeon Overview and Level Annotations

Branches:
Dungeon (4/15)
 Temple: D:4-7

Altars:
Ashenzari
Cheibriados
Fedhas
Hepliaklqana
Uskayaw
Xom
Yredelemnul
Zin
The Shining One

Annotations:
D:3 CasualChangeling's ghost, amateur DrBe


Innate Abilities, Weirdness & Mutations

You reflexively headbutt those who attack you in melee.
You have a pair of horns on your head.


Message History

CasualChangeling's ghost is moderately damaged.
Evoking this partially-identified wand wasted a few charges.
CasualChangeling's ghost closely misses you.
You furiously retaliate!
You headbutt CasualChangeling's ghost, but do no damage.
CasualChangeling's ghost barely misses you.
You hit CasualChangeling's ghost but do no damage.
CasualChangeling's ghost is moderately damaged.
CasualChangeling's ghost hits you.
* * * LOW HITPOINT WARNING * * *
You miss CasualChangeling's ghost.
CasualChangeling's ghost is moderately damaged.
CasualChangeling's ghost hits you.
* * * LOW HITPOINT WARNING * * *
CasualChangeling's ghost closely misses you.
You closely miss CasualChangeling's ghost.
CasualChangeling's ghost is moderately damaged.
CasualChangeling's ghost ripples.
CasualChangeling's ghost hits you!!
You die...

#.#
#.##..##......####.#.#
#)# #.#....#...#.##
#.#.# #.#
#.##########.# #.#.#
#.# #............#
#<#.# #.#
####################.#
#.# ##............
##.########..........#
#....................#
###########.....@....#
# #....W.[...# #
#..........# #
###..........# #
#............# #
#...########## #
#............ #
#............ #
#............ #


You could see CasualChangeling's ghost.

Vanquished Creatures
  Sigmund (D:2)
  Crazy Yiuf (D:2)
  An orc wizard (D:3)
  3 gnolls (D:3)
  4 adders (D:3)
  A dart slug (D:3)
  3 leopard geckos
  3 orcs (D:3)
  2 ball pythons
  8 bats
  2 giant cockroaches
  7 goblins
  4 hobgoblins
  A quokka (D:2)
  9 kobolds
  4 rats
54 creatures vanquished.

Notes
Turn   | Place    | Note
-------+----------+-------------------------------------------
     0 | D:1      | TheDeThijs the Minotaur Berserker began the quest for the Orb.
     0 | D:1      | Reached XP level 1. HP: 19/19 MP: 0/0
   147 | D:1      | Reached skill level 4 in Maces & Flails
   147 | D:1      | Reached XP level 2. HP: 27/27 MP: 1/1
   583 | D:1      | Reached XP level 3. HP: 30/33 MP: 2/2
   676 | D:1      | Reached ** piety under Trog
   900 | D:2      | Found a glowing golden altar of the Shining One.
   911 | D:2      | Noticed Sigmund
   921 | D:2      | Killed Sigmund
   921 | D:2      | Reached skill level 6 in Maces & Flails
   921 | D:2      | Reached XP level 4. HP: 17/41 MP: 3/3
   921 | D:2      | Reached XP level 5. HP: 19/47 MP: 4/4
  1004 | D:2      | Found a runed door.
  1008 | D:2      | Noticed Crazy Yiuf
  1013 | D:2      | Killed Crazy Yiuf
  1099 | D:2      | Upgraded the game from 0.21-a0-401-g0b6bec4 to 0.21-a0-404-g291f19a
  1466 | D:2      | Found a sacrificial altar of Ru.
  1468 | D:2      | Found a hazy altar of Hepliaklqana.
  1468 | D:2      | Found a shimmering altar of Xom.
  1470 | D:2      | Found a basalt altar of Yredelemnul.
  1470 | D:2      | Found a blossoming altar of Fedhas.
  1470 | D:2      | Found a hazy altar of Hepliaklqana.
  1637 | D:2      | Found a glowing silver altar of Zin.
  1855 | D:3      | Reached skill level 5 in Fighting
  1928 | D:3      | Found a snail-covered altar of Cheibriados.
  1929 | D:3      | Found a hide-covered altar of Uskayaw.
  1929 | D:3      | Found a hazy altar of Hepliaklqana.
  2104 | D:3      | Reached XP level 6. HP: 29/56 MP: 5/5
  2341 | D:3      | Found a shattered altar of Ashenzari.
  2563 | D:3      | Noticed CasualChangeling's ghost (amateur DrBe)
  2588 | D:3      | Mangled by CasualChangeling's ghost

Vault maps used:
D:1:      dpeg_arrival_subterranean_lakeside_camping, fountainhead,
          hangedman_abyss_or_decor_stabs
D:2:      doesnt_xom_only_xom, lemuel_coloured_pillars_altar,
          lemuel_crystal_altar, due_unseen_surprise, uniq_sigmund,
          uniq_crazy_yiuf_cottage
D:3:      nicolae_overflow_quartered_altars

Skill      XL: |  1  2  3  4  5 |
---------------+----------------+-----
Maces & Flails | 4 6 |  6.9
Fighting       | 4 5 |  5.2
Dodging        | 3 |  3.0
Armour         | |  2.9
Stealth        | |  0.3

Action                   |  1- 3 |  4- 6 || total
-------------------------+-------+-------++-------
Melee: Mace              |    43 |    35 ||    78
       Headbutt          |     5 |    11 ||    16
       Quarterstaff      |       |     4 ||     4
       Flail             |       |    32 ||    32
Throw: Stone             |       |    22 ||    22
Invok: Berserk           |     2 |     2 ||     4
       Trog's Hand       |       |     1 ||     1
Evoke: Wand              |       |     2 ||     2
  Use: Scroll            |       |     1 ||     1
  Eat: Chunk             |     1 |     7 ||     8
Armor: Animal skin       |    11 |     1 ||    12
       Leather armour    |       |     6 ||     6
       Scale mail        |       |     8 ||     8
Dodge: Dodged            |    33 |    40 ||    73

Table legend:
 A = Spawn XP
 B = Non-spawn XP
 C = Spawn XP percentage of total XP
 D = Spawn monster count
 E = Non-spawn monster count
 F = Spawn count percentage of total count
 G = Total turns spent on level
                    A         B        C        D         E        F      G
               +---------+---------+-------+---------+---------+-------+---------
         Total |       0 |     469 |   0.0 |       0 |      54 |   0.0 |  2588
               +---------+---------+-------+---------+---------+-------+---------
           D:1 |       0 |      47 |   0.0 |       0 |      27 |   0.0 |   866
           D:2 |       0 |     259 |   0.0 |       0 |       6 |   0.0 |   832
           D:3 |       0 |     163 |   0.0 |       0 |      21 |   0.0 |   879
               +---------+---------+-------+---------+---------+-------+---------
